Map: 2000 Atmospheres LE

Players

Reynor - Winner!

  • Race: Zerg Zerg

RagnaroK (SHIN)

  • Race: Zerg Zerg

Event: DreamHack SC2 Masters Last Chance 2022

VOD

Have the link to the VOD?

Description

Time

  • Played on: Jan. 12, 2022, 12:07 p.m.
  • Length: 22:48

All games in this series

Show
View Real Time Build Order
Export as new Build Order

Reynor Zerg - Winner!

Build Orders: Hatch First, Lurkers, Zergling Baneling 

Get SALT Encoding   

  12  0:00  Drone  
  13  0:12  Overlord  
  13  0:16  Drone  
  14  0:30  Drone x2  
  16  0:47  Hatchery  
  15  0:50  Drone  
  15  0:53  Drone  
  17  0:57  Drone  
  18  1:07  Extractor  
  17  1:12  Spawning Pool  
  17  1:15  Drone  
  17  1:18  Drone  
  18  1:27  Drone  
  19  1:38  Drone  
  20  1:49  Overlord  
  20  1:59  Queen x2  
  20  2:00  Zergling x2  
  20  2:01  Drone  
  26  2:08  Metabolic Boost  
  26  2:10  Drone x2  
  28  2:21  Drone x2  
  30  2:32  Hatchery  
  30  2:34  Drone  
  30  2:37  Drone  
  31  2:47  Drone  
  31  2:50  Baneling Nest, Overlord  
  31  2:53  Drone  
  31  2:54  Drone  
  33  3:03  Drone  
  34  3:08  Drone  
  34  3:10  Zergling x10  
  34  3:11  Zergling x2  
  41  3:19  Overlord  
  41  3:21  Queen  
  41  3:23  Drone  
  44  3:30  Evolution Chamber  
  44  3:31  Drone  
  44  3:37  Baneling x2  
  44  3:39  Drone x4  
  48  3:42  Overlord  
  48  3:44  Zergling x2  
  48  3:46  Zergling x2  
  50  3:49  Zergling x4  
  52  3:55  Zergling x2  
  52  3:56  Zergling x6  
  56  4:06  Zergling x2  
  56  4:08  Zergling x2  
  56  4:09  Zergling x2  
  58  4:11  Baneling x2  
  58  4:13  Zergling x6  
  61  4:17  Zergling x4  
  61  4:19  Overlord  
  61  4:20  Zergling x6  
  66  4:27  Baneling  
  66  4:30  Overlord  
  66  4:33  Overlord  
  66  4:35  Baneling x4  
  59  4:46  Zergling x12  
  59  4:49  Zergling x6  
  59  4:50  Zergling x2  
  59  4:51  Zergling x2  
  69  4:57  Zerg Missile Weapons Level 1  
  69  4:59  Zergling x4  
  64  5:02  Zergling x4  
  64  5:03  Zergling x2  
  64  5:06  Overlord  
  59  5:18  Drone x3  
  59  5:19  Roach Warren  
  61  5:27  Drone x3  
  57  5:29  Drone  
  57  5:30  Extractor, Drone x2  
  57  5:31  Extractor, Drone  
  57  5:32  Drone  
  57  5:35  Lair  
  57  5:36  Drone  
  57  5:39  Drone x2  
  57  5:40  Drone x2  
  63  5:42  Drone  
  63  5:45  Drone  
  63  5:49  Drone x3  
  67  5:50  Drone  
  67  5:53  Drone  
  67  5:54  Drone  
  70  5:58  Overlord  
  70  6:04  Roach x4  
  70  6:07  Drone  
  70  6:10  Extractor x2  
  77  6:11  Drone  
  77  6:17  Overlord  
  82  6:18  Roach x2  
  81  6:28  Roach x3  
  81  6:29  Overlord, Roach  
  81  6:31  Drone x5  
  94  6:36  Overseer  
  94  6:38  Queen, Roach x2  
  99  6:40  Overlord  
  99  6:44  Glial Reconstitution  
  99  6:47  Roach  
  101  6:50  Drone  
  101  6:51  Roach x2  
  101  6:52  Overlord  
  106  6:55  Queen  
  106  6:58  Queen  
  106  7:00  Drone  
  111  7:01  Drone  
  111  7:03  Overlord  
  112  7:08  Drone  
  112  7:09  Drone  
  112  7:10  Spore Crawler x2  
  112  7:11  Drone x2  
  112  7:12  Drone  
  115  7:17  Drone x2  
  115  7:18  Extractor, Hydralisk Den  
  115  7:19  Drone x2  
  115  7:21  Drone  
  115  7:22  Drone  
  119  7:25  Zerg Missile Weapons Level 2  
  119  7:29  Spore Crawler  
  119  7:30  Drone  
  119  7:34  Drone x2  
  119  7:35  Spore Crawler  
  120  7:37  Overlord  
  120  7:43  Queen x2  
  120  7:47  Overlord x2  
  120  7:51  Spore Crawler  
  119  7:52  Roach x3  
  119  7:53  Lurker Den, Roach  
  119  7:56  Drone  
  119  7:57  Spore Crawler  
  126  8:01  Overlord  
  126  8:07  Overlord  
  126  8:10  Overlord  
  126  8:11  Muscular Augments  
  126  8:14  Drone  
  126  8:15  Drone  
  126  8:17  Overlord, Infestation Pit  
  127  8:22  Hydralisk x4  
  127  8:24  Overseer  
  133  8:27  Hydralisk  
  133  8:33  Overlord  
  135  8:40  Drone x2  
  137  8:41  Hydralisk x2  
  141  8:49  Spore Crawler  
  141  8:52  Lurker x4  
  141  8:53  Hive  
  144  8:58  Hydralisk x3  
  150  9:09  Drone x2  
  152  9:14  Hydralisk x3  
  158  9:19  Overlord  
  158  9:20  Hatchery  
  157  9:28  Lurker x2  
  157  9:29  Lurker  
  160  9:32  Spore Crawler x2  
  160  9:33  Spore Crawler  
  160  9:35  Overlord  
  157  9:41  Hydralisk x3  
  157  9:43  Drone x2  
  165  9:46  Spore Crawler  
  165  9:47  Spore Crawler, Lurker x2  
  165  9:52  Spore Crawler  
  158  10:01  Hydralisk x5  
  158  10:03  Overlord  
  158  10:04  Hatchery  
  159  10:10  Queen x2  
  159  10:12  Viper  
  162  10:15  Drone x2  
  162  10:18  Overlord  
  164  10:21  Seismic Spines  
  164  10:22  Spore Crawler  
  164  10:25  Spore Crawler, Queen  
  164  10:35  Viper  
  164  10:40  Drone x3  
  164  10:46  Viper  
  164  10:47  Spore Crawler  
  166  10:52  Spore Crawler  
  166  10:54  Evolution Chamber, Spore Crawler, Drone  
  166  10:55  Evolution Chamber  
  163  11:02  Drone x2  
  163  11:03  Drone x5  
  160  11:05  Drone x2  
  160  11:06  Drone  
  160  11:08  Viper  
  160  11:10  Drone x2  
  168  11:16  Hydralisk x2  
  168  11:17  Hydralisk x2  
  176  11:25  Spore Crawler  
  175  11:44  Lurker x2  
  175  11:45  Hydralisk x5  
  175  11:46  Queen x2  
  191  11:47  Hatchery  
  191  11:49  Overlord  
  186  12:02  Adaptive Talons  
  186  12:07  Lurker  
  186  12:08  Lurker  
  188  12:09  Hatchery  
  188  12:13  Extractor  
  186  12:25  Drone x3  
  186  12:29  Drone x2  
  192  12:30  Drone x4  
  193  12:39  Pneumatized Carapace  
  193  12:40  Overseer  
  193  12:55  Roach x3  
  199  13:02  Evolution Chamber  
  198  13:10  Grooved Spines  
  198  13:16  Evolution Chamber  
  198  13:18  Drone x2  
  198  13:19  Drone x2  
  193  13:29  Roach x3  
  193  13:30  Spore Crawler  
  193  13:31  Spore Crawler  
  193  13:32  Extractor x2  
  195  13:35  Zerg Ground Armor Level 1  
  195  13:42  Zerg Missile Weapons Level 3  
  195  13:55  Drone x4  
  198  13:59  Spore Crawler  
  198  14:00  Spore Crawler x3, Drone x3  
  198  14:02  Spore Crawler x2  
  196  14:06  Spore Crawler  
  196  14:07  Spore Crawler  
  196  14:08  Spore Crawler  
  196  14:09  Spore Crawler x2  
  191  14:11  Lurker x6  
  191  14:16  Drone  
  198  14:27  Evolution Chamber  
  195  14:33  Evolution Chamber  
  195  14:36  Evolution Chamber  
  195  14:37  Hydralisk x5  
  195  14:38  Hydralisk  
  199  14:40  Tunneling Claws, Burrow  
  199  14:48  Evolution Chamber  
  199  14:50  Evolution Chamber  
  195  15:03  Hydralisk x2  
  195  15:04  Hydralisk x2  
  193  15:08  Lurker x5  
  198  15:20  Spore Crawler  
  198  15:21  Spore Crawler x2  
  196  15:22  Spore Crawler, Lurker  
  196  15:27  Lurker x3  
  198  15:32  Lurker x2  
  200  15:45  Hatchery  
  199  16:09  Hatchery  
  198  16:18  Roach x3  
  198  16:22  Zerg Ground Armor Level 2  
  198  16:23  Roach  
  198  16:25  Hydralisk  
  199  16:58  Hatchery  
  192  17:04  Overseer x2  
  192  17:05  Overseer  
  192  17:08  Hydralisk x4  
  197  17:26  Hydralisk x2  
  197  17:27  Hatchery  
  189  17:38  Hydralisk x4  
  189  17:39  Hydralisk  
  189  17:40  Overseer  
  197  17:53  Roach x8  
  179  18:13  Hydralisk x3  
  179  18:14  Viper x5  
  184  18:41  Hatchery  
  181  18:47  Unknown  
  180  18:52  Roach x2  
  180  18:53  Roach x8  
  200  18:59  Spore Crawler  
  200  19:01  Zerg Ground Armor Level 3  
  200  19:02  Overlord  
  197  19:14  Drone x7  
  190  19:18  Roach x2, Hydralisk x2  
  190  19:19  Roach x3  
  198  19:31  Hydralisk x8  
  180  19:34  Hatchery, Hydralisk x3  
  180  19:35  Hydralisk x2  
  194  20:03  Hydralisk x4  
  194  20:04  Hydralisk x5  
  194  20:10  Overseer  
  171  20:21  Hydralisk x3  
  171  20:23  Hydralisk  
  171  20:24  Hydralisk x12  
  183  20:34  Overlord  
  177  20:36  Lurker x2  
  177  20:40  Lurker x3  
  178  20:50  Drone x2  
  178  20:56  Lurker x3  
  178  20:57  Lurker x5  
  176  21:00  Drone  
  176  21:03  Drone x2  
  172  21:08  Drone x2  
  172  21:11  Overseer  
  170  21:21  Drone x5  
  170  21:24  Extractor  
  174  21:31  Hydralisk x3  
  180  21:35  Drone x3  
  180  21:39  Roach x2  
  187  21:42  Overseer x2  
  187  21:53  Roach x5  
  197  21:58  Overseer  
  197  22:27  Hatchery  
Show
View Real Time Build Order
Export as new Build Order

RagnaroK Zerg 

Build Orders: Hatch First 

Get SALT Encoding   

  12  0:00  Drone  
  13  0:12  Overlord  
  13  0:17  Drone  
  14  0:31  Drone x2  
  16  0:47  Hatchery  
  15  0:51  Drone  
  15  0:55  Drone  
  17  0:59  Drone  
  18  1:09  Extractor  
  17  1:13  Spawning Pool  
  17  1:17  Drone  
  17  1:20  Drone  
  18  1:29  Drone  
  19  1:41  Drone  
  20  1:50  Drone  
  21  2:01  Queen x2, Drone x2  
  27  2:11  Overlord  
  27  2:12  Zergling x2  
  27  2:13  Metabolic Boost  
  28  2:28  Hatchery  
  27  2:30  Drone  
  27  2:33  Drone  
  27  2:36  Drone  
  30  2:38  Drone  
  31  2:47  Queen  
  33  2:52  Zergling x2, Baneling Nest  
  33  2:55  Drone  
  34  2:59  Overlord  
  34  3:06  Drone x2  
  36  3:19  Zergling x14  
  43  3:25  Evolution Chamber  
  42  3:28  Overlord  
  42  3:29  Drone  
  43  3:37  Drone  
  44  3:42  Overlord  
  44  3:44  Zergling x8  
  48  3:50  Baneling x2  
  48  3:54  Drone x3  
  51  3:59  Lair  
  51  4:00  Extractor  
  51  4:02  Drone  
  50  4:08  Roach Warren  
  50  4:09  Drone  
  50  4:12  Drone  
  51  4:18  Drone x3  
  54  4:25  Drone x2  
  54  4:28  Extractor  
  54  4:29  Extractor  
  54  4:37  Baneling x2  
  54  4:38  Zergling x2  
  54  4:39  Zergling x2  
  54  4:41  Zergling x6, Baneling  
  57  4:47  Zergling x6, Baneling  
  58  4:55  Roach  
  58  4:56  Zergling x2, Roach x2  
  58  4:58  Zergling x2  
  57  5:01  Roach x2, Baneling x2  
  57  5:05  Zergling x2  
  57  5:06  Roach  
  58  5:09  Roach  
  58  5:11  Zergling x2  
  58  5:13  Zergling x2  
  56  5:16  Drone  
  56  5:19  Roach  
  57  5:22  Roach  
  57  5:27  Drone x2  
  59  5:29  Drone  
  59  5:30  Drone  
  59  5:32  Drone  
  61  5:41  Drone x3  
  64  5:50  Spire  
  64  5:52  Drone x2  
  64  5:53  Drone  
  66  6:01  Overlord x2  
  66  6:05  Overlord  
  65  6:14  Zerg Melee Weapons Level 1  
  65  6:19  Queen, Overlord  
  65  6:20  Drone x2  
  69  6:26  Drone x4  
  69  6:31  Drone x2  
  69  6:32  Drone  
  74  6:35  Drone x2  
  75  6:42  Extractor x2  
  75  6:45  Queen  
  75  6:52  Drone  
  75  7:02  Mutalisk x5  
  75  7:07  Mutalisk x2  
  88  7:10  Drone x2  
  88  7:11  Drone x2  
  88  7:13  Drone  
  93  7:17  Zerg Flyer Weapons Level 1  
  93  7:21  Mutalisk  
  95  7:26  Overlord  
  95  7:28  Mutalisk  
  97  7:31  Drone, Overlord  
  97  7:36  Overlord  
  98  7:37  Overlord  
  98  7:40  Drone  
  98  7:41  Overlord, Drone  
  97  7:49  Overlord, Mutalisk x2  
  101  7:52  Drone x3  
  104  7:59  Mutalisk x2  
  104  8:04  Centrifugal Hooks  
  108  8:09  Mutalisk  
  108  8:11  Drone  
  108  8:12  Drone x3  
  114  8:27  Hatchery, Mutalisk x2  
  114  8:32  Overlord  
  117  8:34  Drone x4  
  117  8:37  Zerg Melee Weapons Level 2  
  117  8:44  Mutalisk  
  119  8:52  Mutalisk x2  
  119  8:55  Overlord  
  123  8:56  Zergling x10  
  123  9:01  Drone  
  123  9:02  Overlord  
  129  9:06  Mutalisk x2  
  133  9:10  Overlord  
  133  9:15  Drone x6  
  139  9:20  Zergling x8  
  143  9:24  Overlord  
  143  9:28  Mutalisk x2  
  143  9:30  Drone x2  
  149  9:32  Drone  
  149  9:36  Drone x3  
  153  9:41  Drone x4  
  153  9:44  Extractor  
  156  9:46  Queen  
  156  9:50  Evolution Chamber  
  157  9:58  Extractor  
  142  10:08  Mutalisk x8  
  158  10:15  Drone  
  158  10:18  Drone  
  158  10:20  Hatchery, Infestation Pit  
  158  10:22  Baneling x7  
  158  10:23  Baneling  
  158  10:24  Baneling  
  158  10:26  Baneling  
  159  10:28  Drone x2  
  159  10:29  Zergling x22  
  171  10:37  Overseer  
  171  10:46  Overlord  
  171  10:47  Zerg Ground Armor Level 1  
  171  10:51  Drone x2  
  171  10:52  Drone  
  171  10:56  Overlord  
  169  11:04  Zergling x18  
  169  11:05  Pneumatized Carapace  
  169  11:06  Overseer  
  169  11:09  Overlord  
  174  11:15  Hive, Hatchery  
  174  11:16  Drone  
  166  11:29  Overlord  
  162  11:33  Queen  
  162  11:35  Unknown, Baneling x12  
  160  11:42  Drone x3  
  160  11:43  Drone x4  
  160  11:44  Overlord  
  155  12:04  Zergling x22  
  155  12:05  Zergling x6  
  155  12:07  Drone  
  168  12:19  Drone x3  
  171  12:29  Adrenal Glands  
  171  12:30  Viper x2  
  171  12:31  Viper, Ultralisk Cavern  
  171  12:36  Zerg Melee Weapons Level 3  
  179  12:39  Drone x2  
  179  12:40  Extractor  
  164  13:05  Overlord  
  157  13:17  Chitinous Plating  
  157  13:19  Zerg Ground Armor Level 2  
  148  13:20  Ultralisk x2  
  148  13:21  Ultralisk x5  
  148  13:23  Zergling x24  
  200  13:29  Extractor  
  200  13:32  Hatchery  
  198  13:41  Zergling x4  
  194  13:57  Drone  
  194  13:59  Zergling x8  
  194  14:00  Zergling x2  
  200  14:03  Baneling x28  
  200  14:05  Overseer  
  200  14:06  Overseer  
  200  14:09  Overseer  
  200  14:10  Overseer x2  
  200  14:11  Overlord x2  
  200  14:12  Overlord x3  
  200  14:23  Greater Spire  
  200  14:26  Overseer  
  200  14:36  Anabolic Synthesis  
  199  14:38  Overseer  
  175  15:02  Overlord  
  175  15:03  Overlord  
  175  15:06  Viper  
  160  15:07  Viper  
  160  15:08  Viper  
  169  15:20  Zerg Missile Weapons Level 1  
  169  15:22  Hydralisk Den  
  164  15:37  Viper x4  
  164  15:42  Evolution Chamber x3  
  173  15:52  Drone  
  174  15:58  Extractor  
  174  15:59  Extractor  
  174  16:01  Grooved Spines  
  174  16:03  Lurker Den  
  171  16:04  Hydralisk  
  171  16:05  Hydralisk x13  
  171  16:08  Spine Crawler  
  171  16:09  Spine Crawler  
  197  16:20  Spore Crawler  
  197  16:21  Spine Crawler  
  197  16:22  Spore Crawler, Spine Crawler  
  197  16:23  Spine Crawler  
  197  16:24  Spore Crawler  
  191  16:30  Overseer  
  191  16:35  Overseer x2  
  191  16:36  Overseer  
  189  16:41  Drone x3  
  189  16:42  Drone x2  
  189  16:48  Hatchery  
  189  16:53  Drone x5  
  178  17:06  Seismic Spines  
  178  17:07  Lurker x11  
  178  17:08  Lurker x3  
  189  17:12  Muscular Augments  
  189  17:15  Spore Crawler x3, Overlord  
  185  17:27  Spore Crawler  
  158  17:42  Overseer  
  150  17:44  Zerg Missile Weapons Level 2  
  150  17:45  Zerg Ground Armor Level 3  
  150  17:46  Hatchery  
  150  17:49  Hydralisk  
  150  17:50  Hydralisk x20  
  199  17:52  Hydralisk x2  
  199  17:53  Hydralisk x4  
  195  18:04  Adaptive Talons  
  192  18:19  Drone x2, Hydralisk x5  
  194  18:23  Overseer x3  
  184  18:53  Hydralisk  
  184  18:54  Hydralisk x2  
  200  19:01  Lurker x4  
  200  19:02  Lurker x8  
  200  19:08  Overseer  
  181  19:17  Hydralisk x11  
  189  19:30  Overseer  
  177  19:33  Hydralisk x14  
  177  19:35  Overseer  
  177  19:37  Overseer  
  199  19:57  Overseer  
  186  20:01  Hydralisk x8  
  169  20:17  Hydralisk x3  
  169  20:18  Hydralisk x3  
  158  20:37  Hatchery  
  158  20:42  Hydralisk  
  157  20:43  Zergling x26  
  172  20:54  Overseer  
  169  20:58  Overseer  
  169  21:01  Overlord  
  169  21:02  Hydralisk x4  
  168  21:07  Hydralisk  
  168  21:08  Zergling x2  
  168  21:10  Overseer x2  
  171  21:13  Overseer x2  
  149  21:49  Extractor, Lurker x2  
  149  21:50  Lurker x2  
  149  21:51  Lurker  
  153  22:05  Hatchery  
  152  22:10  Spine Crawler  
  141  22:39  Spine Crawler  

Tags
 
Add a new tag
Caveats
  • Supply blocks, unpowered buildings, or Contaminate may cause inaccurate times.
  • Supply counts are checked every 10 seconds.